 Dungeon Crawl Stone Soup version 0.17-a0-670-g5d95ebd (webtiles) character file.

870 wotan the Skirmisher (level 7, 0/64 HPs)
             Began as a Minotaur Berserker on Apr 18, 2015.
             Was an Elder of Trog.
             Slain by Prince Ribbit (16 damage)
             ... on level 6 of the Dungeon.
             The game lasted 01:23:36 (6352 turns).

wotan the Skirmisher (Minotaur Berserker)           Turns: 6352, Time: 01:23:36

Health: 0/64       AC:  6    Str: 23    XL:     7   Next: 73%
Magic:  6/6        EV: 10    Int:  4    God:    Trog [****..]
Gold:   238        SH:  9    Dex: 10    Spells: 0 memorised, 6 levels left

rFire  . . .     SeeInvis .     B - -3 spear (curse)
rCold  . . .     Clarity  .     F - +0 ring mail
rNeg   . . .     SustAb   .     f - +0 shield
rPois  .         Gourm    .     (helmet restricted)
rElec  .         Spirit   .     (no cloak)
rCorr  .         Warding  .     (no gloves)
rMut   .         Stasis   .     (no boots)
MR     .....                    (no amulet)
Stlth  +.........               (no ring)
                                (no ring)

@: not resistant to hostile enchantments, very unstealthy
A: retaliatory headbutt, horns 2
a: Burn Spellbooks, Berserk, Trog's Hand, Brothers in Arms, Renounce Religion


You were on level 6 of the Dungeon.
You worshipped Trog.
Trog was greatly pleased with you.
You were not hungry.

You visited 1 branch of the dungeon, and saw 6 of its levels.

You collected 238 gold pieces.

Inventory:

Hand weapons
 a - a +0 spear
 e - a +0 hand axe
 t - a +5 flail of protection
 v - a +2 whip of flaming
 w - a +1 dagger of protection
 y - a +0 shortbow
 B - a cursed -3 spear (weapon)
 H - a +0 trident
 J - a +0 hunting sling
 U - a +0 mace of venom
Missiles
 d - 75 arrows
 h - 47 sling bullets
 n - 126 stones (quivered)
 x - 67 bolts
Armour
 b - a +1 animal skin
 f - a +0 shield (worn)
 q - a +0 robe
 F - a +0 ring mail (worn)
 M - a +0 ring mail
 N - a +0 ring mail
 R - a +0 leather armour
Jewellery
 T - an uncursed ring of protection from cold {unknown}
Scrolls
 A - a scroll of enchant armour
 C - a scroll of amnesia
 L - 2 scrolls of teleportation
 Q - a scroll of identify
Potions
 i - 3 potions of brilliance
 o - a potion of curing
 p - a potion of might {unknown}
 z - a potion of cancellation {unknown}
 D - a potion of flight {unknown}
 G - a potion of haste {unknown}
 K - a potion of magic {unknown}
 O - a potion of heal wounds {unknown}
Comestibles
 c - 4 bread rations
 r - 2 meat rations
 E - a royal jelly


   Skills:
 + Level 6.5 Fighting
 - Level 1.3 Maces & Flails
 + Level 5.6 Polearms
 - Level 1.6 Throwing
 + Level 4.6 Armour
 + Level 5.2 Dodging
 - Level 0.5 Stealth
 - Level 2.4 Shields


You had 6 spell levels left.
You didn't know any spells.

Dungeon Overview and Level Annotations

Branches:
Dungeon (6/15)
 Temple: D:4-7

Altars:
Cheibriados
Dithmenos
Elyvilon
Kikubaaqudgha
Ru
Trog
Xom
Yredelemnul
The Shining One

Annotations:
D:4 oplop's ghost, average MfIE
D:6 Eustachio; Prince Ribbit


Innate Abilities, Weirdness & Mutations

You reflexively headbutt those who attack you in melee.
You have a pair of horns on your head.


Message History

You block the bat's attack. You block the bat's attack.
Prince Ribbit blinks!
Found 14 gold pieces.
You barely miss the bat. The bat hits you but does no damage.
The bat barely misses you. You furiously retaliate!
You headbutt the bat.
You kill the bat!
The bat's corpse disappears in a puff of smoke!
Prince Ribbit barely misses you. Prince Ribbit hits you.
Prince Ribbit barely misses you.
You see here 14 gold pieces.
Prince Ribbit blinks!
Prince Ribbit blinks!
You block the orc warrior's attack. Prince Ribbit completely misses you.
Prince Ribbit hits you!
* * * LOW HITPOINT WARNING * * *
All of the chunks of flesh in your inventory have rotted away.
Prince Ribbit barely misses you. You furiously retaliate!
You headbutt Prince Ribbit!
Found a stone staircase leading up.
Prince Ribbit hits you!
You die...

#.# # ##.#
#. # #...
#.### #<.#
...# ...
#.. ..#
##.. #.#
#..# #.#
##.r# #@###
#.... #.F.#
###.###
###.##
##...###
#og#
###.r##...
##5#
##.g5###...
#$###..###
#...
#.r...##
#...
#.#####
#... ###
#...


You could see Prince Ribbit, an orc warrior, a gnoll, a shadow imp and a rat.

Vanquished Creatures
  Edmund (D:5)
  2 slaves (D:5)
  A phantom (D:4)
  A centaur (D:5)
  The ghost of emiel the Insei, an average SpTm (D:3)
  A scorpion (D:5)
  An orc priest (D:5)
  2 hounds (D:4)
  An orc wizard (D:5)
  3 worker ants
  A hound zombie (D:5)
  7 gnolls
  A river rat (D:3)
  9 adders
  A shadow imp (D:5)
  An adder skeleton (D:4)
  5 worms
  A giant gecko (D:2)
  8 orcs
  7 giant cockroaches
  6 hobgoblins
  4 jackals
  3 quokkas
  2 ball pythons (D:3)
  11 bats
  A giant gecko skeleton (D:4)
  2 giant newts (D:3)
  10 goblins
  12 kobolds
  A quokka skeleton (D:4)
  13 rats
120 creatures vanquished.

Vanquished Creatures (others)
  A fungus (D:5)
1 creature vanquished.

Grand Total: 121 creatures vanquished

Notes
Turn   | Place    | Note
--------------------------------------------------------------
     0 | D:1      | wotan, the Minotaur Berserker, began the quest for the Orb.
     0 | D:1      | Reached XP level 1. HP: 19/19 MP: 0/0
   386 | D:1      | Reached XP level 2. HP: 10/27 MP: 1/1
   738 | D:1      | Reached skill level 4 in Fighting
  1446 | D:2      | Found a shimmering altar of Xom.
  1755 | D:2      | Reached XP level 3. HP: 30/34 MP: 2/2
  2111 | D:2      | Acquired Trog's second power
  2258 | D:2      | Reached XP level 4. HP: 41/41 MP: 3/3
  2700 | D:3      | Noticed emiel's ghost (average SpTm)
  3018 | D:3      | Killed emiel's ghost
  3018 | D:3      | Reached skill level 5 in Fighting
  3018 | D:3      | Reached XP level 5. HP: 38/48 MP: 4/4
  3028 | D:3      | Found a snail-covered altar of Cheibriados.
  3029 | D:3      | Found a sacrificial altar of Ru.
  3033 | D:3      | Found a bloodstained altar of Trog.
  3055 | D:3      | Found a shadowy altar of Dithmenos.
  3065 | D:3      | Reached skill level 1 in Throwing
  3100 | D:3      | Found a white marble altar of Elyvilon.
  3502 | D:3      | Found an ancient bone altar of Kikubaaqudgha.
  3762 | D:4      | Reached skill level 1 in Shields
  3974 | D:4      | Noticed a phantom
  3994 | D:4      | Killed a phantom
  3994 | D:4      | Reached skill level 1 in Maces & Flails
  3994 | D:4      | Reached XP level 6. HP: 43/56 MP: 5/5
  4078 | D:4      | Found a basalt altar of Yredelemnul.
  4079 | D:4      | Noticed a profane servitor
  4090 | D:4      | Found a glowing golden altar of the Shining One.
  4103 | D:4      | Noticed an angel
  4543 | D:4      | Noticed oplop's ghost (average MfIE)
  5092 | D:5      | Entered Level 5 of the Dungeon
  5118 | D:5      | Reached skill level 5 in Polearms
  5118 | D:5      | Reached XP level 7. HP: 20/62 MP: 6/6
  5442 | D:5      | Reached skill level 6 in Fighting
  5472 | D:5      | Noticed Edmund
  5498 | D:5      | Killed Edmund
  5892 | D:5      | Reached skill level 5 in Dodging
  6172 | D:5      | Acquired Trog's third power
  6315 | D:6      | Noticed Prince Ribbit
  6330 | D:6      | Noticed Eustachio
  6352 | D:6      | Slain by Prince Ribbit

Action                   |  1- 3 |  4- 6 |  7- 9 || total
-------------------------+-------+-------+-------++-------
Melee: Spear             |    87 |    24 |   148 ||   259
       Halberd           |     5 |     4 |       ||     9
       Whip              |       |   134 |       ||   134
Throw: Stone             |       |    72 |    45 ||   117
  Use: Scroll            |     5 |     6 |     2 ||    13
       Potion            |       |       |     1 ||     1
  Eat: Chunk             |     4 |     4 |     1 ||     9
       Pizza             |       |     1 |       ||     1
       Meat ration       |       |     1 |     1 ||     2
